 Seeded DCSS version 0.30-a0-305-g026cb31310 (webtiles) character file.

Game seed: 17790380096243088950 (custom seed)

215 purpskrrrp the Ruffian (level 5, -1/50 HPs)
             Began as a Troll Delver on Oct 22, 2022.
             Slain by a worm (4 damage)
             ... on level 5 of the Dungeon.
             The game lasted 00:01:16 (134 turns).

purpskrrrp the Ruffian (Troll Delver)                Turns: 134, Time: 00:01:17

Health: -1/50      AC:  4    Str: 22    XL:     5   Next: 60%
Magic:  4/4        EV:  9    Int:  6    God:
Gold:   0          SH:  0    Dex: 11    Spells: 4/4 levels left

rFire   . . .      SeeInvis .      - Unarmed
rCold   . . .      Faith    .    (no shield)
rNeg    . . .      Spirit   .    a - +0 robe
rPois   .          Reflect  .    (helmet restricted)
rElec   .          Harm     .    (no cloak)
rCorr   .          Rampage  .    (gloves unavailable)
Will    .....                    (boots unavailable)
Stlth   ++........               (no amulet)
HPRegen 1.08/turn                (no ring)
MPRegen 0.09/turn                (no ring)

@: no status effects
A: large, unfitting armour, claws 3, regeneration 1, shaggy fur 1, tough skin 1
a: no special abilities


You were on level 5 of the Dungeon.
You visited 1 branch of the dungeon, and saw 1 of its levels.

Inventory:

Armour
 a - a +0 robe (worn)
Wands
 f - a wand of digging (3)
Scrolls
 b - a scroll of fog
 c - a scroll of magic mapping
 d - a scroll of fear
Potions
 e - a potion of haste


   Skills:
 - Level 2.4 Fighting
 - Level 1.5 Dodging
 - Level 2.7 Stealth
 + Level 6.0 Unarmed Combat


You had 4 spell levels left.
You didn't know any spells.
Your spell library contained the following spells:

 Spells                   Type           Power      Damage    Failure   Level
 Apportation              Tloc           0%         N/A       45%         1
 Necrotise                Necr           0%         1d4       45%         1
 Summon Small Mammal      Summ           0%         N/A       45%         1


Dungeon Overview and Level Annotations

Branches:
Dungeon (5/15)
 Temple: D:4-7

Altars:


Innate Abilities, Weirdness & Mutations

You are too large for most types of armour.
You have claws for hands.
Your natural rate of healing is unusually fast.
You are covered in fur. (AC +1)
You have tough skin. (AC +1)


Message History

The worm bites you.
* * * LOW HITPOINT WARNING * * *
The orc hits you with a +0 club.
* * * LOW HITPOINT WARNING * * *
The orc hits you but does no damage. The orc hits you with a +0 trident.
* * * LOW HITPOINT WARNING * * *
Things that are here:
a +0 mace; a +0 scale mail; a water moccasin corpse You claw the worm!
The worm is severely wounded.
The orc completely misses you. The orc closely misses you.
The orc barely misses you. The worm bites you.
* * * LOW HITPOINT WARNING * * *
You scratch the worm.
The worm is almost dead.
The orc misses you. The orc hits you but does no damage.
The orc completely misses you.
You claw the orc!
You kill the orc!
The orc closely misses you. The worm closely misses you.
You scratch the orc. Your claw misses the orc.
The orc is almost dead.
The orc hits you with a +0 trident!
* * * LOW HITPOINT WARNING * * *
The orc wizard casts a spell.
The orc wizard flickers and vanishes!
Deactivating autopickup; reactivate with Ctrl-A.
The orc hits you but does no damage.
You barely miss the orc.
The orc is almost dead.
The worm bites you.
* * * LOW HITPOINT WARNING * * *
You claw the orc!
You kill the orc!
The orc hits you but does no damage.
Your Unarmed Combat skill increases to level 6!
Something hits you.
* * * LOW HITPOINT WARNING * * *
The orc hits you but does no damage. The worm bites you.
You die...

..... .. .... ..#. ....
#.. .# . ...####.# ..#.
.. #...)..# +.........
...##......# #...#.....
...........####...#.....
....s..@o..#............
......w)................
.....####.............#
.... #...........# ...
#...........### ..
#...$.........# .
#....###......#
#.$...........##
.....##...............


You could see a worm, a scorpion and an orc.

Vanquished Creatures
  A water moccasin (D:5)
  A phantom (D:5)
  A hound (D:5)
  A shadow imp (D:5)
  3 orcs (D:5)
7 creatures vanquished.

Notes
Turn   | Place    | Note
-------+----------+-------------------------------------------
     0 | D:5      | purpskrrrp the Troll Delver began the quest for the Orb.
     0 | D:5      | Reached XP level 1. HP: 22/22 MP: 0/0
    39 | D:5      | Noticed a hound
    57 | D:5      | Killed a hound
    58 | D:5      | Reached skill level 3 in Unarmed Combat
    58 | D:5      | Reached XP level 2. HP: 13/29 MP: 1/1
    58 | D:5      | Reached XP level 3. HP: 16/36 MP: 2/2
    92 | D:5      | Identified 3 scrolls of acquirement
    92 | D:5      | Acquired the ring of the Sunfish {rF+ rCorr Str+2}
    93 | D:5      | Acquired the amulet "Jiym" {Acrobat Stlth+}
    94 | D:5      | Acquired 1075 gold pieces
   102 | D:5      | Noticed a water moccasin
   103 | D:5      | Noticed a phantom
   111 | D:5      | Killed a water moccasin
   112 | D:5      | Reached skill level 5 in Unarmed Combat
   112 | D:5      | Reached XP level 4. HP: 39/44 MP: 3/3
   113 | D:5      | Noticed a scorpion
   116 | D:5      | Killed a phantom
   117 | D:5      | Reached XP level 5. HP: 29/50 MP: 4/4
   132 | D:5      | HP: 2/50 [worm (3)]
   134 | D:5      | Reached skill level 6 in Unarmed Combat
   134 | D:5      | Slain by a worm

Illustrated notes

Levels and vault maps discovered:
D:5:      layout_basic, lemuel_doored_altar, nicolae_hepliaklqana_hazy_memory,
          minmay_a_box_with_orc_wizards_in_it

Skill      XL: |  1  2  3  4  5 |
---------------+----------------+-----
Unarmed Combat | 3 5 6 |  6.0
Fighting       | |  2.4
Dodging        | |  1.5
Stealth        | |  2.7

Action                   |  1- 3 |  4- 6 || total
-------------------------+-------+-------++-------
Melee: Unarmed           |    23 |    21 ||    44
  Use: Scroll            |     3 |       ||     3
Armor: Robe              |     9 |    16 ||    25
Dodge: Dodged            |    10 |    24 ||    34

Table legend: (Time is in decaauts)
 A = Elapsed time spent in this place.
 B = Non-inter-level travel time spent in this place.
 C = Inter-level travel time spent in this place.
 D = Time resting spent in this place.
 E = Time spent auto-exploring this place.
 F = Levels seen in this place.
 G = Mean time per level.
                   A        B        C        D        E       F      G
               +--------+--------+--------+--------+--------+-----+--------+
         Total |    130 |    130 |      0 |     19 |      0 |   1 |  130.0 |
       Dungeon |    130 |    130 |      0 |     19 |      0 |   1 |  130.0 |
               +--------+--------+--------+--------+--------+-----+--------+

Top non-repeatable levels by time:
     D:5: 130 daAuts
